 Dungeon Crawl Stone Soup version 0.23-a0-338-g8ff0b24 (webtiles) character file.

30 rabbit the Shield-Bearer (level 3, 33/33 HPs)
             Began as a Minotaur Fighter on Oct 18, 2018.
             Quit the game on level 1 of the Dungeon.
             The game lasted 00:01:46 (445 turns).

rabbit the Shield-Bearer (Minotaur Fighter)          Turns: 445, Time: 00:01:47

Health: 33/33      AC:  7    Str: 21    XL:     3   Next: 3%
Magic:  2/2        EV:  7    Int:  5    God:
Gold:   31         SH:  9    Dex:  9    Spells: 2/2 levels left

rFire    . . .     SeeInvis .   a - +0 flail
rCold    . . .     Gourm    .   c - +0 shield
rNeg     . . .     Faith    .   b - +0 scale mail
rPois    .         Spirit   .   (helmet restricted)
rElec    .         Reflect  .   (no cloak)
rCorr    .         Harm     .   (no gloves)
MR       .....                  (no boots)
Stlth    ..........             (no amulet)
HPRegen  0.11/turn              (no ring)
MPRegen  0.08/turn              (no ring)

@: no status effects
A: retaliatory headbutt, horns 2
a: no special abilities


You were on level 1 of the Dungeon.
You were not hungry.

You visited 1 branch of the dungeon, and saw 1 of its levels.

You collected 31 gold pieces.

Inventory:

Hand Weapons
 a - a +0 flail (weapon)
Missiles
 e - 23 sling bullets
 h - 25 bolts
Armour
 b - a +0 scale mail (worn)
 c - a +0 shield (worn)
Scrolls
 g - 2 scrolls of teleportation {unknown}
 i - a scroll of remove curse {unknown}
Potions
 d - a potion of might
Comestibles
 f - 2 rations


   Skills:
 + Level 3.9 Fighting
 * Level 3.2 Maces & Flails
 + Level 3.9 Armour
 + Level 4.0 Shields


You had 2 spell levels left.
You didn't know any spells.
Your spell library was empty.

Dungeon Overview and Level Annotations

Branches:
Dungeon (1/15)

Altars:


Innate Abilities, Weirdness & Mutations

You reflexively headbutt those who attack you in melee.
You have a pair of horns on your head.


Message History

The hobgoblin is heavily wounded.
The hobgoblin closely misses you.
The hobgoblin hits you but does no damage.
You closely miss the hobgoblin.
The hobgoblin is heavily wounded.
The hobgoblin hits you.
You closely miss the hobgoblin.
The hobgoblin is heavily wounded.
The hobgoblin hits you but does no damage. x2
You hit the hobgoblin.
You kill the hobgoblin!
You now have 31 gold pieces (gained 9).
Found a stone staircase leading down.
There is a stone staircase leading down here.
A hobgoblin comes into view. It is wielding a +0 club.
The hobgoblin shouts!
Assign waypoint to what number? (0-9)
Okay, then.
Unknown command.
Are you sure you want to abandon this character and quit the game? (Confirm

#...#
#............####.## #.#
#...# #............# ###
#.## #...#
##.#.####.#### #...
#...# #......#.# ####
#...# #.#.##.#.# #
#...######.#.##.#.# .. #
...........#.##.#.##.g..
#
.....)..........#.......
#####
................@##
#.... #...#####....>...#
#.### ..)...# #.#...#..#
#.# #...#.# #.#.#.#..#
#.# #...#.# #.#.#.#..#
######.# #...#.#
#........# ###......#
#...#.# #####.####
#.....#### ....#.# #.#
#####.#.#.# .....)###
#.####.......#.#


You could see a hobgoblin.

Vanquished Creatures
  A dart slug (D:1)
  A leopard gecko (D:1)
  4 bats (D:1)
  A goblin (D:1)
  5 hobgoblins (D:1)
  3 jackals (D:1)
  4 kobolds (D:1)
  3 frilled lizards (D:1)
  5 rats (D:1)
27 creatures vanquished.

Notes
Turn   | Place    | Note
-------+----------+-------------------------------------------
     0 | D:1      | rabbit the Minotaur Fighter began the quest for the Orb.
     0 | D:1      | Reached XP level 1. HP: 19/19 MP: 0/0
   103 | D:1      | Reached XP level 2. HP: 27/27 MP: 1/1
   114 | D:1      | Reached skill level 4 in Shields
   372 | D:1      | Reached XP level 3. HP: 33/33 MP: 2/2
   445 | D:1      | Quit the game

Vault maps used:
D:1:      tarquinn_simple_flora_water_d, minmay_misc_feat_chi

Skill      XL: |  1  2 |
---------------+-------+-----
Shields        | 4 |  4.0
Maces & Flails | 3 |  3.2
Fighting       | |  3.9
Armour         | |  3.9

Action                   || total
-------------------------++-------
Melee: Flail             ||    51
       Headbutt          ||     6
Armor: Scale mail        ||    31
Dodge: Dodged            ||    29
Block: Shield            ||    31

Table legend:
 A = Non-vault XP
 B = Vault XP
 C = Vault XP percentage of total XP
 D = Non-vault monster count
 E = Vault monster count
 F = Vault count percentage of total count
                 A         B        C        D         E       F
            +---------+---------+-------+---------+---------+-------
      Total |      43 |       0 |   0.0 |      27 |       0 |   0.0
            +---------+---------+-------+---------+---------+-------
        D:1 |      43 |       0 |   0.0 |      27 |       0 |   0.0
            +---------+---------+-------+---------+---------+-------
